 Dungeon Crawl Stone Soup version 0.23.1-38-g628c18f (webtiles) character file.

Game seed: 12012569486716641896

660 doot the Destroyer (level 7, -3/37 HPs)
             Began as a Tengu Conjurer on Mar 28, 2019.
             Slain by an orc wizard
             ... wielding a +0 dagger
              (4 damage)
             ... on level 4 of the Dungeon.
             The game lasted 00:15:11 (4515 turns).

doot the Destroyer (Tengu Conjurer)                 Turns: 4515, Time: 00:15:12

Health: -3/37      AC:  3    Str: 11    XL:     7   Next: 56%
Magic:  0/14       EV: 16    Int: 15    God:
Gold:   198        SH:  0    Dex: 14    Spells: 4/15 levels left

rFire    . . .     SeeInvis .   g - +1 mace
rCold    . . .     Gourm    .   (no shield)
rNeg     . . .     Faith    .   a - +0 robe
rPois    .         Spirit   .   (helmet restricted)
rElec    .         Reflect  .   (no cloak)
rCorr    .         Harm     .   b - +0 pair of gloves
MR       .....                  (boots unavailable)
Stlth    ++........             (no amulet)
HPRegen  0.12/turn              (no ring)
MPRegen  0.14/turn              (no ring)

@: flying quickly and evasively, quick
A: beak, talons 3, able to fly
a: Stop Flying


You were on level 4 of the Dungeon.
You were not hungry.

You visited 1 branch of the dungeon, and saw 4 of its levels.

You collected 198 gold pieces.

Inventory:

Hand Weapons
 g - a +1 mace (weapon)
 k - a +0 spear
 o - a +2 antimagic falchion
Armour
 a - a +0 robe (worn)
 b - a +0 pair of gloves (worn)
Scrolls
 d - 2 scrolls of remove curse {unknown}
 f - 3 scrolls of enchant weapon
 j - a scroll of teleportation {unknown}
 l - a scroll of fog {unknown}
 m - a scroll of random uselessness {unknown}
 n - 3 scrolls of identify {unknown}
 p - 2 scrolls of immolation {unknown}
 s - 2 scrolls of fear {unknown}
Potions
 e - a potion of brilliance {unknown}
 h - 3 potions of might {unknown}
 i - a potion of invisibility {unknown}
 q - 2 potions of curing {unknown}
 t - a potion of magic {unknown}
 u - a potion of agility {unknown}
Comestibles
 c - 7 rations
 r - 2 chunks of flesh


   Skills:
 + Level 0.4 Fighting
 + Level 1.9 Maces & Flails
 + Level 3.3 Dodging
 + Level 3.4 Stealth
 + Level 0.1 Unarmed Combat
 + Level 4.5 Spellcasting
 + Level 8.4 Conjurations


You had 4 spell levels left.
You knew the following spells:

 Your Spells              Type           Power        Failure   Level  Hunger
a - Magic Dart            Conj           ####         1%          1    None
b - Searing Ray           Conj           ####..       1%          2    ##.....
c - Iskenderun's Mystic   Conj           ####....     5%          4    ####...
d - Fulminant Prism       Conj/Hex       ###.......   30%         4    ####...

Your spell library contained the following spells:

 Spells                   Type           Power        Failure   Level  Hunger
 Dazzling Spray           Conj/Hex       ###...       9%          3    ###....
 Force Lance              Conj/Tloc      ###.....     30%         4    ####...


Dungeon Overview and Level Annotations

Branches:
Dungeon (4/15)
 Temple: D:4-7

Altars:


Innate Abilities, Weirdness & Mutations

You have a beak for a mouth.
You have claws for feet.
You can fly continuously.


Message History

The orc priest invokes the aid of Beogh against you.
Pain shoots through your body!
* * * LOW HITPOINT WARNING * * *
The orc wizard begins to cast a cantrip, but forgets the words!
Unknown command.
The orc wizard hits you but does no damage.
As you read the scroll labeled UNETIUH TIBED, it crumbles to dust.
It is a scroll of enchant weapon.
Your +0 mace glows red for a moment.
The orc priest closely misses you. The orc wizard misses you.
Casting: Searing Ray (safe; 1% risk of failure)
Confirm with . or Enter, or press ? or * to list all spells.
Aiming: Magic Dart (safe; 1% risk of failure)
Press: ? - help, Shift-Dir - straight line, f/p - orc priest
Aim: an orc priest (almost dead)
The magic dart hits the orc priest.
You kill the orc priest!
The orc wizard closely misses you.
The orc wizard hits you with a +0 dagger.
You die...

#######....# #....#
#....#....# #....#
#....#....# #....#.
#....#....#
#....#..##....#....#
#....#....)...#....#
#....#........#....#
#....#######'##....#
#...)o@............#
##)##..............#
... #..............#
.....
#..............#
#..###
#..........#+### #..
#....####### #.
#....# # +....+
#....#


You could see an orc wizard.

Vanquished Creatures
  A necrophage (D:3)
  2 ogres (D:3)
  A scorpion (D:4)
  3 orc priests
  2 orc wizards (D:4)
  Natasha (thrice) (D:2)
  3 gnolls (D:4)
  3 adders
  An adder zombie (D:4)
  2 dart slugs
  2 leopard geckos (D:1)
  10 orcs
  2 ball pythons
  5 giant cockroaches
  10 goblins
  6 hobgoblins
  6 jackals
  5 bats
  A frilled lizard (D:3)
  6 kobolds
  3 rats
77 creatures vanquished.

Vanquished Creatures (others)
  2 fulminant prisms (D:4)
2 creatures vanquished.

Grand Total: 79 creatures vanquished

Notes
Turn   | Place    | Note
-------+----------+-------------------------------------------
     0 | D:1      | doot the Tengu Conjurer began the quest for the Orb.
     0 | D:1      | Reached XP level 1. HP: 10/10 MP: 4/4
   393 | D:1      | Reached XP level 2. HP: 15/15 MP: 3/6
   637 | D:1      | Learned a level 2 spell: Searing Ray
  1100 | D:1      | Reached skill level 6 in Conjurations
  1466 | D:2      | Reached XP level 3. HP: 19/19 MP: 3/7
  1469 | D:2      | Found a faded altar of an unknown god.
  1489 | D:2      | Noticed Natasha
  1496 | D:2      | Killed Natasha
  1503 | D:2      | Noticed Natasha
  1518 | D:2      | Killed Natasha
  1518 | D:2      | Reached XP level 4. HP: 16/24 MP: 0/8
  1688 | D:2      | Noticed Natasha
  1693 | D:2      | Killed Natasha
  1693 | D:2      | Reached skill level 7 in Conjurations
  1739 | D:2      | Learned a level 4 spell: Iskenderun's Mystic Blast
  2261 | D:3      | Gained mutation: You can fly continuously. [Tengu growth]
  2261 | D:3      | Reached XP level 5. HP: 26/28 MP: 6/10
  2485 | D:3      | Noticed a necrophage
  2490 | D:3      | Killed a necrophage
  2537 | D:3      | Noticed an ogre
  2561 | D:3      | Reached skill level 1 in Maces & Flails
  2831 | D:3      | Reached XP level 6. HP: 32/32 MP: 6/11
  3352 | D:3      | Reached XP level 7. HP: 36/36 MP: 8/14
  3441 | D:3      | Learned a level 4 spell: Fulminant Prism
  3452 | D:4      | Reached skill level 8 in Conjurations
  4512 | D:4      | HP: 1/37 [orc priest/nerve-wracking pain (13)]
  4515 | D:4      | Slain by an orc wizard

Skill      XL: |  1  2  3  4  5  6  7 |
---------------+----------------------+-----
Conjurations   | 6 7 8 |  8.4
Spellcasting   | 3 4 |  4.5
Maces & Flails | 1 |  1.9
Stealth        | 3 |  3.4
Dodging        | 3 |  3.3
Fighting       | |  0.4
Unarmed Combat | |  0.1

Action                   |  1- 3 |  4- 6 |  7- 9 || total
-------------------------+-------+-------+-------++-------
Melee: Unarmed           |     5 |       |       ||     5
       Kick              |     2 |     3 |       ||     5
       Peck              |     1 |       |       ||     1
       Mace              |     7 |     6 |     1 ||    14
 Cast: Magic Dart        |    42 |    76 |    17 ||   135
       Searing Ray       |     1 |     5 |    14 ||    20
       Iskenderun's Myst |       |     5 |       ||     5
       Fulminant Prism   |       |       |     2 ||     2
 Abil: Fly               |       |     1 |       ||     1
  Use: Scroll            |       |       |     1 ||     1
  Eat: Chunk             |     2 |     4 |     5 ||    11
       Ration            |       |     1 |       ||     1
Armor: Robe              |    10 |     3 |     1 ||    14
Dodge: Dodged            |    20 |    37 |    10 ||    67
